AoeStats
← JROCK

Arena

510244221Analyzed
2v2 RM · 1d ago on Sep 30, 2026· 89m 46s· 4 players
Game mode
Random Map
Map size
Medium (4 player)
Population
200
Speed
Normal
Resources
Standard
Victory
Conquest
Starting age
Dark Age
Ending age
Imperial Age
RankedLock teamsTeams togetherTeam positionsShared explorationLock speedFull tech treeHidden civsTurbo modeCheats
Victory
Defeat
🇭🇳 Teutons · Honduras
1423
+14
🇭🇳 Berbers · Honduras
1423
+14
🇺🇸 Malians · United States
1395
-15
🇺🇸 Hindustanis · United States
1353
-13
JROCK
10:15 Feudal Age
14:52 Castle Age
13:05 Double-Bit Axe
13:26 Horse Collar
19:24 Wheelbarrow
23:14 Hand Cart
28:50 Imperial Age
27:34 Gold Mining
27:38 Stone Mining
28:04 Bow Saw
28:13 Loom
28:33 Husbandry
28:42 Scale Barding Armor
29:29 Bloodlines
30:40 Chemistry
30:55 Chain Barding Armor
30:30 Elite Skirmisher
31:03 Fletching
30:53 Heavy Camel Rider
32:42 Siege Engineers
34:15 Shatagni
34:35 Grand Trunk Road
36:21 Heavy Plow
37:22 Two-Man Saw
36:43 Bodkin Arrow
37:27 Bracer
38:24 Masonry
38:36 Ballistics
39:26 Padded Archer Armor
40:31 Plate Barding Armor
40:59 Murder Holes
41:21 Forging
44:38 Thumb Ring
45:21 Caravan
45:57 Light Cavalry
47:40 Iron Casting
46:40 Siege Elephant
48:32 Leather Archer Armor
49:35 Blast Furnace
49:30 Hoardings
49:35 Conscription
51:13 Gold Shaft Mining
51:07 Hussar
53:24 Ring Archer Armor
52:30 Imperial Camel Rider
77:13 Guard Tower
The_Wanker
10:46 Feudal Age
9:14 Loom
14:31 Castle Age
13:27 Double-Bit Axe
24:36 Scale Mail Armor
27:54 Forging
33:30 Wheelbarrow
34:01 Chain Mail Armor
36:27 Fortified Wall
37:07 Hand Cart
37:05 Man-at-Arms
37:47 Squires
37:33 Arson
37:55 Long Swordsman
42:11 Imperial Age
39:41 Pikeman
40:47 Gold Mining
41:08 Bow Saw
40:42 Horse Collar
41:41 Iron Casting
42:25 Capped Ram
42:44 Two-Handed Swordsman
44:04 Plate Mail Armor
44:14 Champion
47:23 Thumb Ring
47:10 Fletching
47:21 Padded Archer Armor
48:11 Elite Skirmisher
51:37 Ballistics
52:18 Chemistry
77:00 Bodkin Arrow
80:12 Leather Archer Armor
85:58 Ring Archer Armor
89:02 Scale Barding Armor
[TeBrR] Overlord201
0:32 Loom
11:05 Feudal Age
14:40 Castle Age
13:01 Double-Bit Axe
13:38 Horse Collar
28:57 Imperial Age
27:36 Padded Archer Armor
27:27 Fletching
29:19 Scale Barding Armor
29:25 Forging
29:10 Bodkin Arrow
29:30 Leather Archer Armor
29:57 Ballistics
32:30 Chemistry
31:55 Bloodlines
31:45 Husbandry
32:41 Heavy Camel Rider
35:39 Bracer
36:00 Chain Barding Armor
37:05 Light Cavalry
38:42 Ring Archer Armor
40:30 Plate Barding Armor
41:54 Conscription
42:57 Hussar
44:15 Wheelbarrow
43:54 Bow Saw
43:46 Heavy Plow
44:01 Elite Camel Archer
45:21 Iron Casting
46:15 Kasbah
48:18 Blast Furnace
54:03 Arson
54:19 Squires
54:52 Capped Ram
56:05 Maghrebi Camels
56:27 Pikeman
64:23 Murder Holes
66:33 Scale Mail Armor
66:44 Man-at-Arms
67:41 Elite Skirmisher
68:35 Long Swordsman
73:11 Chain Mail Armor
73:03 Two-Handed Swordsman
78:56 Champion
84:22 Caravan
[TeBrR] Bandwidth
9:40 Feudal Age
9:44 Loom
11:18 Loom
14:08 Castle Age
12:51 Double-Bit Axe
12:53 Horse Collar
15:01 Bow Saw
16:58 Forging
33:33 Masonry
33:34 Fortified Wall
33:39 Redemption
33:40 Scale Mail Armor
33:47 Fletching
37:07 Imperial Age
35:28 Wheelbarrow
34:38 Town Watch
34:56 Gold Mining
35:56 Heavy Plow
36:20 Scale Barding Armor
36:46 Sanctity
37:22 Chain Mail Armor
37:19 Town Patrol
37:35 Hand Cart
38:10 Block Printing
37:32 Man-at-Arms
37:57 Gambesons
38:12 Squires
37:58 Arson
38:57 Iron Casting
38:31 Long Swordsman
40:22 Plate Mail Armor
39:14 Two-Handed Swordsman
41:02 Blast Furnace
40:44 Champion
41:25 Heavy Scorpion
42:26 Caravan
46:17 Capped Ram
47:08 Siege Engineers
48:02 Ballistics
48:21 Bloodlines
51:16 Stone Mining
52:34 Crop Rotation
53:07 Two-Man Saw
53:21 Padded Archer Armor
54:14 Conscription
53:46 Pikeman
57:31 Chemistry
74:16 Guilds
80:35 Bodkin Arrow
84:35 Chain Barding Armor
86:35 Cavalier
89:52 Plate Barding Armor
89:12 Halberdier
Connection lost

Rejoining the realm…

Still unreachable

The connection could not be restored.

Session expired

The server has moved on; the page needs a fresh start.